Map: Beckett Industries LE

Players

MaNa - Winner!

  • Race: Protoss Protoss

Reynor

  • Race: Zerg Zerg

Event: DreamHack SC2 Masters 2021 Fall

VOD

Have the link to the VOD?

Description

Time

  • Played on: July 29, 2021, 2:27 p.m.
  • Length: 15:20

All games in this series

Show
View Real Time Build Order
Export as new Build Order

MaNa Protoss - Winner!

Build Orders: 1 Gate Expand, Oracle Opening, Carriers 

Get SALT Encoding   

  12  0:01  Probe  
  13  0:13  Probe  
  14  0:20  Pylon  
  14  0:25  Probe  
  15  0:39  Probe (Chrono Boost)  
  15  0:41  Gateway  
  16  0:47  Probe (Chrono Boost)  
  16  0:49  Assimilator  
  17  0:53  Probe (Chrono Boost)  
  18  1:05  Probe (Chrono Boost)  
  19  1:14  Probe (Chrono Boost)  
  20  1:26  Nexus  
  20  1:36  Cybernetics Core  
  20  1:41  Probe  
  21  1:47  Assimilator  
  21  1:53  Probe  
  22  1:57  Pylon  
  22  2:05  Probe  
  23  2:12  Adept (Chrono Boost)  
  25  2:17  Probe  
  25  2:19  Stargate  
  26  2:24  Warp Gate  
  26  2:29  Probe  
  27  2:40  Adept (Chrono Boost)  
  27  2:41  Probe  
  27  2:42  Probe  
  31  2:53  Probe  
  31  2:54  Probe  
  31  2:57  Void Ray  
  37  3:05  Probe  
  37  3:06  Probe  
  37  3:12  Gateway  
  39  3:15  Pylon  
  39  3:18  Probe  
  40  3:23  Probe  
  41  3:35  Probe  
  41  3:38  Assimilator  
  41  3:40  Assimilator  
  41  3:41  Oracle  
  45  3:46  Probe  
  45  3:47  Probe  
  45  3:58  Probe  
  45  3:59  Probe  
  47  4:05  Fleet Beacon  
  47  4:10  Pylon, Probe (Chrono Boost)  
  47  4:11  Probe (Chrono Boost)  
  49  4:18  Stargate  
  49  4:22  Probe (Chrono Boost)  
  49  4:23  Adept, Probe (Chrono Boost)  
  53  4:30  Probe (Chrono Boost)  
  53  4:31  Adept, Probe (Chrono Boost)  
  55  4:36  Probe  
  56  4:45  Probe  
  56  4:46  Tempest (Chrono Boost)  
  56  4:51  Pylon  
  61  5:03  Nexus  
  61  5:05  Pylon  
  61  5:10  Tempest (Chrono Boost)  
  66  5:28  Shield Battery  
  71  5:29  Shield Battery  
  71  5:30  Tempest (Chrono Boost)  
  71  5:35  Probe x2  
  73  5:36  Protoss Air Weapons Level 1  
  73  5:42  Shield Battery  
  73  5:45  Pylon  
  71  5:51  Tempest (Chrono Boost)  
  71  5:55  Pylon  
  76  5:57  Pylon  
  76  6:05  Void Ray (Chrono Boost)  
  76  6:09  Flux Vanes  
  76  6:12  Probe  
  76  6:15  Nexus  
  81  6:19  Void Ray (Chrono Boost), Probe  
  82  6:29  Zealot  
  88  6:35  Void Ray (Chrono Boost)  
  88  6:38  Pylon  
  88  6:39  Probe x2  
  90  6:40  Pylon  
  90  6:46  Pylon  
  94  6:55  Probe  
  94  6:57  Probe  
  94  7:02  Void Ray  
  94  7:08  Probe  
  93  7:12  Void Ray  
  93  7:13  Probe  
  94  7:17  Nexus  
  94  7:20  Probe  
  99  7:28  Stargate  
  99  7:36  Probe  
  100  7:39  Void Ray  
  100  7:49  Void Ray, Probe  
  105  7:56  Robotics Facility  
  109  8:01  Shield Battery  
  109  8:02  Shield Battery  
  109  8:04  Shield Battery  
  109  8:06  Shield Battery  
  109  8:11  Pylon  
  109  8:13  Pylon  
  109  8:17  Pylon  
  109  8:22  Void Ray  
  109  8:24  Void Ray  
  109  8:25  Protoss Air Weapons Level 2 (Chrono Boost)  
  109  8:32  Probe x3  
  120  8:42  Assimilator  
  120  8:43  Assimilator  
  120  8:44  Probe x2  
  120  8:45  Robotics Bay, Probe  
  120  8:48  Zealot x2  
  131  8:56  Probe x2  
  131  8:57  Probe  
  134  9:04  Observer (Chrono Boost)  
  134  9:06  Nexus  
  135  9:29  Disruptor (Chrono Boost), Probe x2  
  135  9:30  Pylon  
  137  9:36  Carrier x2  
  148  9:42  Forge  
  148  9:52  Carrier (Chrono Boost)  
  154  9:56  Pylon  
  154  9:58  Pylon  
  154  9:59  Pylon  
  154  10:01  Disruptor  
  149  10:30  Zealot x2  
  152  10:37  Disruptor, Carrier x2 (Chrono Boost)  
  151  10:51  Probe  
  143  10:59  Carrier (Chrono Boost)  
  143  11:00  Probe x3  
  143  11:03  Probe  
  153  11:12  Probe x3  
  144  11:29  Disruptor  
  144  11:31  Carrier (Chrono Boost)  
  143  11:47  Observer  
  143  11:48  Carrier (Chrono Boost)  
  143  11:51  Zealot x2  
  153  11:55  Nexus  
  153  12:00  Photon Cannon  
  153  12:03  Photon Cannon  
  153  12:04  Photon Cannon  
  153  12:05  Nexus  
  153  12:06  Pylon  
  153  12:11  Zealot x2  
  153  12:15  Photon Cannon, Probe x3  
  160  12:27  Probe x3  
  163  12:32  Carrier (Chrono Boost)  
  167  12:53  Probe  
  167  12:57  Carrier (Chrono Boost)  
  167  12:58  Disruptor  
  168  13:01  Probe  
  168  13:03  Probe  
  155  13:07  Probe  
  155  13:11  Carrier (Chrono Boost)  
  152  13:13  Probe  
  152  13:18  Probe x2  
  152  13:19  Probe x2  
  163  13:25  Probe  
  158  13:30  Zealot x2  
  158  13:31  Probe  
  163  13:37  Photon Cannon  
  163  13:39  Photon Cannon  
  163  13:44  Pylon  
  163  13:48  Disruptor (Chrono Boost)  
  166  13:56  Shield Battery  
  166  13:57  Pylon  
  166  14:07  Carrier  
  172  14:17  Disruptor (Chrono Boost)  
  187  14:45  Assimilator  
  187  14:46  Assimilator  
Show
View Real Time Build Order
Export as new Build Order

Reynor Zerg 

Build Orders: Hatch First 

Get SALT Encoding   

  12  0:00  Drone  
  13  0:12  Overlord  
  13  0:17  Drone  
  14  0:31  Drone x2  
  16  0:46  Drone  
  17  0:54  Hatchery  
  17  0:55  Drone  
  17  0:59  Drone  
  18  1:07  Extractor  
  17  1:14  Spawning Pool  
  17  1:17  Drone  
  17  1:20  Drone  
  18  1:28  Drone  
  19  1:39  Drone  
  20  1:50  Overlord  
  20  2:01  Queen  
  20  2:07  Zergling x4, Queen  
  26  2:11  Drone  
  26  2:14  Metabolic Boost  
  27  2:16  Drone  
  27  2:21  Drone  
  29  2:27  Drone  
  30  2:32  Drone  
  31  2:38  Extractor, Queen  
  33  2:51  Hatchery  
  33  2:53  Overlord  
  33  2:57  Drone  
  33  2:59  Drone  
  33  3:00  Drone  
  33  3:03  Drone  
  36  3:13  Zergling x4  
  36  3:15  Overlord  
  36  3:16  Zergling x2  
  39  3:20  Queen  
  41  3:28  Zergling x4  
  41  3:31  Drone x2  
  43  3:35  Drone  
  43  3:37  Drone  
  45  3:43  Drone  
  45  3:48  Drone x3  
  48  3:50  Drone  
  48  3:55  Overlord  
  49  3:59  Queen  
  51  4:05  Drone x3  
  54  4:11  Roach Warren  
  54  4:12  Drone  
  54  4:13  Drone  
  54  4:16  Drone  
  56  4:18  Drone  
  56  4:19  Drone  
  56  4:21  Drone  
  59  4:28  Drone x2, Overlord  
  59  4:29  Drone  
  59  4:30  Drone  
  63  4:32  Extractor  
  60  4:39  Overlord  
  60  4:42  Extractor  
  57  4:45  Queen  
  57  4:47  Drone  
  57  4:48  Drone  
  57  4:50  Overlord  
  61  4:54  Roach x5  
  61  4:58  Roach  
  73  5:01  Zergling x2, Roach  
  73  5:04  Overlord  
  73  5:05  Roach  
  78  5:09  Roach  
  78  5:11  Queen  
  82  5:16  Roach x2  
  82  5:19  Overlord  
  86  5:24  Zergling x6  
  86  5:26  Ravager, Overlord  
  90  5:30  Zergling x4  
  90  5:35  Ravager  
  92  5:39  Zergling x12  
  92  5:41  Zergling x2  
  92  5:42  Zergling x2  
  99  5:45  Zergling x2  
  99  5:48  Lair  
  99  5:50  Drone x2  
  99  5:52  Overlord  
  99  5:54  Drone  
  99  5:55  Drone  
  103  5:57  Drone  
  103  6:07  Drone x2  
  103  6:08  Drone  
  103  6:09  Queen  
  103  6:10  Evolution Chamber  
  105  6:12  Drone x2  
  105  6:13  Drone  
  108  6:24  Spore Crawler, Overlord  
  108  6:25  Drone x2  
  108  6:31  Queen  
  104  6:34  Drone  
  104  6:35  Extractor, Drone x2  
  104  6:39  Drone  
  107  6:40  Drone x2  
  107  6:42  Zerg Missile Weapons Level 1  
  107  6:44  Extractor  
  107  6:45  Drone x2  
  107  6:46  Extractor  
  109  6:47  Queen  
  109  6:48  Drone, Hydralisk Den  
  111  6:54  Overlord  
  111  6:56  Drone x2  
  111  7:00  Queen  
  113  7:05  Drone  
  113  7:07  Overlord  
  113  7:08  Drone x3  
  107  7:17  Hydralisk  
  107  7:18  Spore Crawler, Hydralisk x3  
  107  7:20  Muscular Augments  
  109  7:23  Hydralisk x2  
  109  7:28  Hydralisk  
  112  7:33  Hydralisk x2  
  116  7:40  Hydralisk x2  
  118  7:45  Overlord  
  118  7:47  Hydralisk x4  
  124  7:55  Overlord  
  124  7:56  Hydralisk  
  125  8:02  Hydralisk  
  123  8:09  Hydralisk x4  
  129  8:16  Hydralisk  
  129  8:17  Zergling x4, Roach x2  
  135  8:20  Hatchery  
  135  8:22  Hydralisk  
  135  8:23  Zergling x6  
  135  8:24  Zergling x2  
  139  8:29  Hydralisk  
  139  8:34  Grooved Spines  
  141  8:36  Drone x3  
  141  8:37  Extractor  
  143  8:43  Hydralisk  
  143  8:44  Hydralisk  
  143  8:45  Overlord  
  147  8:53  Zergling x4, Infestation Pit, Hydralisk  
  147  8:54  Zergling x2  
  151  9:00  Overlord  
  151  9:03  Drone x3  
  151  9:04  Drone  
  151  9:09  Drone x2, Zerg Missile Weapons Level 2  
  157  9:12  Evolution Chamber  
  156  9:20  Hydralisk x2  
  156  9:22  Infestation Pit  
  159  9:28  Lair  
  160  9:33  Extractor  
  160  9:34  Extractor  
  160  9:36  Hydralisk x2  
  160  9:37  Hydralisk x2  
  166  9:43  Overlord  
  166  9:48  Hatchery  
  166  9:51  Hydralisk x3  
  170  9:54  Overlord  
  170  10:02  Spore Crawler  
  170  10:04  Drone x2  
  171  10:10  Overlord  
  170  10:15  Hydralisk x6  
  182  10:23  Overlord  
  182  10:26  Hydralisk x2  
  186  10:30  Hydralisk x3  
  186  10:35  Overlord  
  192  10:41  Hydralisk x2  
  192  10:42  Hydralisk x2  
  191  10:53  Hydralisk x4  
  191  10:55  Hydralisk  
  186  10:58  Zergling x10  
  186  11:02  Hydralisk x2  
  188  11:06  Drone x3  
  187  11:15  Hydralisk  
  187  11:16  Hydralisk x3  
  172  11:19  Hydralisk  
  172  11:20  Hydralisk  
  172  11:21  Zergling x2  
  162  11:30  Hydralisk x3  
  163  11:34  Drone x3  
  163  11:36  Hydralisk x2  
  163  11:37  Zergling x6  
  148  11:42  Hydralisk  
  148  11:43  Hydralisk  
  148  11:45  Queen  
  148  11:47  Hydralisk x2  
  150  11:54  Hive  
  154  11:56  Drone x3  
  154  12:01  Drone x3  
  160  12:04  Hydralisk  
  160  12:05  Hydralisk  
  164  12:10  Infestor  
  164  12:13  Infestor  
  164  12:15  Hydralisk  
  170  12:16  Drone x2  
  170  12:19  Hydralisk  
  174  12:25  Hydralisk x2  
  178  12:34  Hydralisk  
  178  12:35  Hydralisk x3  
  178  12:37  Overlord  
  185  12:43  Hydralisk x3  
  182  12:49  Hydralisk x2  
  163  13:01  Hydralisk x3  
  163  13:02  Hydralisk  
  141  13:06  Hydralisk  
  141  13:08  Hydralisk  
  141  13:11  Hydralisk  
  126  13:14  Viper  
  126  13:17  Hydralisk  
  126  13:18  Zergling x2  
  132  13:29  Viper  
  132  13:31  Hatchery  
  134  13:38  Hydralisk x3  
  140  13:45  Hydralisk  
  140  13:46  Hydralisk  
  144  13:57  Viper  
  144  13:59  Spore Crawler  
  144  14:01  Spore Crawler, Zergling x4, Hydralisk  
  144  14:02  Spore Crawler  
  148  14:10  Hydralisk x2  
  152  14:18  Hydralisk x3  
  152  14:21  Drone x2  
  145  14:34  Viper  
  138  14:39  Infestor  
  138  14:42  Hydralisk x2  
  144  14:46  Hydralisk  
  144  14:47  Zergling x12  

Tags
 
Add a new tag
Caveats
  • Supply blocks, unpowered buildings, or Contaminate may cause inaccurate times.
  • Supply counts are checked every 10 seconds.